 Dungeon Crawl Stone Soup version 0.26.1-2-gb8aa6d0cf2 (webtiles) character file.

Game seed: 10400064289195015229

113 Gabide the Caller (level 5, 0/36 HPs)
             Began as a Human Summoner on Mar 3, 2021.
             Killed by divine providence
             ... invoked by an orc priest
              (16 damage)
             ... on level 3 of the Dungeon.
             The game lasted 00:15:58 (4822 turns).

Gabide the Caller (Human Summoner)                  Turns: 4822, Time: 00:15:58

Health: 0/36       AC:  5    Str:  8    XL:     5   Next: 17%
Magic:  0/9        EV: 12    Int: 16    God:
Gold:   133        SH:  0    Dex: 14    Spells: 1/10 levels left

rFire    . . .     SeeInvis .   (no weapon)
rCold    . . .     Faith    .   (no shield)
rNeg     . . .     Spirit   .   a - +0 robe
rPois    .         Reflect  .   f - +0 helmet
rElec    .         Harm     .   k - +0 cloak
rCorr    .         Rampage  .   b - +0 pair of gloves
Will     .....                  (no boots)
Stlth    ++........             (no amulet)
HPRegen  0.12/turn              (no ring)
MPRegen  0.11/turn              (no ring)

@: no status effects
A: no striking features
a: no special abilities


You were on level 3 of the Dungeon.
You visited 1 branch of the dungeon, and saw 3 of its levels.
You also visited: Sewer.

You collected 133 gold pieces.

Inventory:

Hand Weapons
 e - a cursed -2 mace
Armour
 a - a +0 robe (worn)
 b - a +0 pair of gloves (worn)
 f - a +0 helmet (worn)
 k - a +0 cloak (worn)
Jewellery
 h - an uncursed amulet of regeneration {unknown}
Scrolls
 n - 2 scrolls of fog {unknown}
 o - a scroll of identify
 p - 2 scrolls of teleportation
Potions
 c - a potion of cancellation
 d - a potion of might {unknown}
 g - a potion of magic
 i - a potion of mutation {unknown}
 j - a potion of resistance {unknown}
 l - a potion of haste
 m - 4 potions of flight {unknown}


   Skills:
 + Level 0.6 Fighting
 + Level 2.2 Dodging
 - Level 2.0 Stealth
 + Level 0.1 Unarmed Combat
 * Level 3.3 Spellcasting
 + Level 5.0 Summonings


You had one spell level left.
You knew the following spells:

 Your Spells              Type           Power        Failure   Level
a - Summon Small Mammal   Summ           72%          2%          1
b - Call Imp              Summ           18%          3%          2
c - Call Canine Familiar  Summ           18%          7%          3
d - Summon Guardian Gole  Hex/Summ       10%          19%         3

Your spell library contained the following spells:

 Spells                   Type           Power        Failure   Level
 Summon Ice Beast         Ice/Summ       10%          54%         4
 Summon Lightning Spire   Summ/Air       10%          54%         4


Dungeon Overview and Level Annotations

Branches:
Dungeon (3/15)              Sewer (visited)

Altars:


Message History

Your crimson imp hits the orc but does no damage.
Your crimson imp hits the orc.
Your hound closely misses the orc.
The orc misses your crimson imp.
The orc hits your crimson imp with a +0 flail.
The orc priest looks satisfied for a moment.
Your crimson imp hits the orc but does no damage.
The orc priest hits your hound but does no damage.
Your hound bites the orc priest.
Your crimson imp barely misses the orc.
The orc closely misses your crimson imp.
The orc completely misses your hound.
Your hound closely misses the orc priest.
The orc hits your crimson imp with a +0 flail!
Your crimson imp hits the orc.
The orc priest closely misses your crimson imp.
Your crimson imp barely misses the orc.
Your hound barely misses the orc priest.
The orc hits your crimson imp.
The orc priest mumbles some strange prayers to Beogh against you.
Beogh smites you!
You die...

#. #.........#. #.
...........#. #####.###
#.<.......... ...<....#
#.......)...# .....[..#
##.#########.# .....o5.#
#...# #.#
.....oo5####.#.#### #.#
.....ooh..........# ##..
##..####@.........####...
#....≈≈≈.....÷....
#...≈≈≈≈≈..###...# #
##..≈≈.≈≈........# #..
#..≈(≈≈≈.....##.#
#..######...≈≈≈.÷..####.#
#..#...##(.........# #.#
#.......#.........## ..#
#........#........# ..


You could see 2 orc priests, 3 orcs, a friendly hound (summoned) and 2 friendly
crimson imps.

Vanquished Creatures
  3 worms (D:2)
  2 dart slugs (D:2)
  2 leopard geckos (D:2)
  A giant cockroach (D:2)
  A hobgoblin (D:1)
  5 bats
  A frilled lizard (D:2)
  2 kobolds
  2 rats (D:1)
19 creatures vanquished.

Vanquished Creatures (collateral kills)
  Natasha (D:2)
  4 adders
  2 oozes (Sewer)
  3 worms
  3 leopard geckos
  5 giant cockroaches
  6 hobgoblins
  7 jackals
  A ball python (Sewer)
  5 bats (Sewer)
  3 frilled lizards
  5 goblins
  4 kobolds
  7 rats
56 creatures vanquished.

Grand Total: 75 creatures vanquished

Notes
Turn   | Place    | Note
-------+----------+-------------------------------------------
     0 | D:1      | Gabide the Human Summoner began the quest for the Orb.
     0 | D:1      | Reached XP level 1. HP: 13/13 MP: 3/3
   493 | D:1      | Reached XP level 2. HP: 18/19 MP: 0/5
  1416 | D:1      | Reached XP level 3. HP: 18/25 MP: 1/6
  1869 | D:2      | Learned a level 2 spell: Call Imp
  1873 | D:2      | Learned a level 3 spell: Call Canine Familiar
  2798 | D:2      | Reached XP level 4. HP: 31/31 MP: 5/8
  2967 | D:2      | Noticed Natasha
  2975 | D:2      | Killed Natasha
  3732 | D:3      | Found a glowing drain.
  3936 | Sewer    | Entered a sewer
  3950 | Sewer    | Reached XP level 5. HP: 35/36 MP: 1/9
  4046 | Sewer    | Reached skill level 5 in Summonings
  4780 | Sewer    | Learned a level 3 spell: Summon Guardian Golem
  4822 | D:3      | Killed from afar by an orc priest

Illustrated notes

Levels and vault maps discovered:
D:1:      dpeg_arrival_line_fractal, layout_basic,
          amcnicky_mini_rare_corridor_liquid, amcnicky_mini_corridor_feature,
          interstate_on_off
D:2:      layout_loops_ring, nrook_loot_triangle, uniq_natasha
D:3:      layout_rooms, gammafunk_ghost_nasty_kobolds, portal_sewer_entry_a,
          uniq_jessica

Skill      XL: |  1  2  3  4  5 |
---------------+----------------+-----
Spellcasting   | 3 |  3.3
Summonings     | 5 |  5.0
Fighting       | |  0.6
Dodging        | |  2.2
Stealth        | |  2.0
Unarmed Combat | |  0.1

Action                   |  1- 3 |  4- 6 || total
-------------------------+-------+-------++-------
Melee: Unarmed           |    30 |    52 ||    82
       Spear             |    65 |     9 ||    74
 Cast: Summon Small Mamm |    57 |    20 ||    77
       Call Canine Famil |    10 |    17 ||    27
       Call Imp          |     8 |     7 ||    15
  Use: Scroll            |     4 |     3 ||     7
 Stab: Distracted        |     3 |     2 ||     5
       Sleeping          |     1 |     1 ||     2
Armor: Robe              |    12 |    41 ||    53
Dodge: Dodged            |    44 |    63 ||   107
